[Event "Titled Tuesday Blitz November 08 Early 2022"]
[White "Aaditya Dhingra"]
[Black "Sjugirov, Sanan"]
[WhiteFideId "25678191"]
[BlackFideId "4189302"]
[WhiteElo "2054"]
[BlackElo "2611"]
[Result "0-1"]
[Round "01"]
[TimeControl "180+1"]
[Date "2022.11.08"]
[WhiteClock "0:00:01"]
[BlackClock "0:01:07"]

1. e4 c5 2. Nf3 d6 3. d4 cxd4 4. Nxd4 Nf6 5. f3 e5 6. Nb3 Be7 7. c4 a5 8. Be3 a4 9. N3d2 O-O 10. Nc3 Qa5 11. Be2 Bd8 12. Nd5 Nc6 13. O-O Nxd5 14. cxd5 Bb6 15. Nc4 Bxe3+ 16. Nxe3 Nd4 17. Bd3 Bd7 18. Kh1 Rfc8 19. Nc4 Qc5 20. Rc1 b5 21. Ne3 Qb4 22. Rf2 a3 23. b3 Rxc1 24. Qxc1 Rc8 25. Qd2 Qxd2 26. Rxd2 Rc1+ 27. Rd1 Rxd1+ 28. Nxd1 Nxb3 29. Nc3 b4 30. Ne2 Nc5 31. Bc2 b3 32. axb3 a2 0-1


[Site "https://www.chess.com"]

[Event "Titled Tuesday Blitz November 08 Early 2022"]
[White "Adewumi, Tanitoluwa"]
[Black "Naroditsky, Daniel"]
[WhiteFideId "30966396"]
[BlackFideId "2026961"]
[WhiteElo "2534"]
[BlackElo "2628"]
[Result "0-1"]
[Round "01"]
[TimeControl "180+1"]
[Date "2022.11.08"]
[WhiteClock "0:00:07"]
[BlackClock "0:02:15"]

1. e4 c6 2. d4 d5 3. exd5 cxd5 4. Bd3 Nf6 5. c3 Bg4 6. Qb3 Qc7 7. Ne2 Bxe2 8. Bxe2 Nc6 9. O-O e6 10. Be3 Bd6 11. g3 O-O 12. Nd2 Rab8 13. a4 a6 14. Bd3 Ng4 15. Nf3 f5 16. Rae1 Rbe8 17. Bd2 Nf6 18. Ng5 Nd8 19. f3 Bxg3 20. hxg3 Qxg3+ 21. Kh1 h6 22. Rg1 Qh4+ 23. Kg2 Nh5 24. Nxe6 Qg3+ 25. Kf1 Qxf3# 0-1


[Site "https://www.chess.com"]

[Event "Titled Tuesday Blitz November 08 Early 2022"]
[White "Adnan, Habib"]
[Black "Taboas Rodriguez, Daniel"]
[WhiteFideId "11202270"]
[BlackFideId "2208466"]
[WhiteElo "2110"]
[BlackElo "2329"]
[Result "0-1"]
[Round "01"]
[TimeControl "180+1"]
[Date "2022.11.09"]
[WhiteClock "0:00:06"]
[BlackClock "0:00:32"]

1. d4 Nf6 2. c4 g6 3. Nf3 Bg7 4. Nc3 O-O 5. Bg5 b6 6. e3 Bb7 7. Qc2 c5 8. Be2 cxd4 9. exd4 Nc6 10. O-O Rc8 11. Rac1 h6 12. Bh4 g5 13. Bg3 d5 14. Rfd1 e6 15. c5 bxc5 16. dxc5 Qa5 17. Bd6 Rfd8 18. a3 Ne8 19. Nb5 Rd7 20. b4 Qd8 21. Bg3 e5 22. Qf5 a6 23. Nc3 e4 24. Nxe4 Ne7 25. Qh3 f5 26. Nexg5 hxg5 27. Nxg5 Nf6 28. Be5 Ng6 0-1


[Site "https://www.chess.com"]

[Event "Titled Tuesday Blitz November 08 Early 2022"]
[White "Akbas, Umut Ata"]
[Black "Golubova, Anna"]
[WhiteFideId "44572646"]
[BlackFideId "24173606"]
[WhiteElo "2192"]
[BlackElo "2047"]
[Result "1-0"]
[Round "01"]
[TimeControl "180+1"]
[Date "2022.11.09"]
[WhiteClock "0:01:43"]
[BlackClock "0:00:41"]

1. e4 g6 2. Nf3 Bg7 3. Bc4 d6 4. Nc3 Nf6 5. h3 O-O 6. Qe2 e5 7. O-O c6 8. d4 exd4 9. Nxd4 d5 10. exd5 Nxd5 11. Rd1 Nxc3 12. bxc3 Qc7 13. Ba3 Rd8 14. Qf3 a6 15. Nb5 Rxd1+ 16. Rxd1 axb5 17. Qxf7+ Qxf7 18. Rd8+ Bf8 19. Rxf8+ Kg7 20. Rxf7+ Kh6 21. Bf8+ Kg5 22. f4+ Kh4 23. Kh2 Bxh3 24. gxh3 h6 25. Be7+ g5 26. Bxg5+ Kh5 27. Rf6 hxg5 28. Be2+ g4 29. hxg4+ Kh4 30. Rh6# 1-0


[Site "https://www.chess.com"]

[Event "Titled Tuesday Blitz November 08 Early 2022"]
[White "Alhadad, Mahmoud"]
[Black "Principe, Gerson"]
[WhiteFideId "11501863"]
[BlackFideId "3804550"]
[WhiteElo "1955"]
[BlackElo "2280"]
[Result "0-1"]
[Round "01"]
[TimeControl "180+1"]
[Date "2022.11.09"]
[WhiteClock "0:00:09"]
[BlackClock "0:00:10"]

1. e4 c5 2. Nc3 e6 3. f4 Nc6 4. Bb5 Nd4 5. Nf3 Nxb5 6. Nxb5 a6 7. Nc3 d5 8. e5 Ne7 9. d3 Nc6 10. O-O Be7 11. Ne2 O-O 12. c3 f6 13. d4 Bd7 14. Be3 cxd4 15. cxd4 Qb6 16. Qb3 Qxb3 17. axb3 Rac8 18. Rfc1 Nb4 19. Ne1 fxe5 20. dxe5 h6 21. g3 g5 22. Nd4 gxf4 23. gxf4 Kh7 24. Kf1 Bg5 25. Rxc8 Bxc8 26. Ng2 Nd3 27. Ke2 Nxf4+ 28. Bxf4 Bxf4 29. Nxf4 Rxf4 30. Rc1 Rxd4 31. Rxc8 Re4+ 32. Kd3 Rxe5 33. Rc7+ Kg6 34. Rxb7 Rh5 35. Rb6 Kf5 36. Rxa6 Rxh2 37. Kc3 e5 38. b4 d4+ 39. Kb3 Ke4 40. Rd6 h5 41. b5 Rf2 42. Rh6 Ke3 43. Rxh5 d3 44. Rxe5+ Kd4 45. Re1 d2 46. Rd1 Kd3 47. Ka4 Kc2 48. Rxd2+ Rxd2 49. Ka5 Kb3 50. b6 Rxb2 51. b7 Kc4 52. Ka6 Kc5 53. Ka7 Ra2+ 54. Kb8 Kb6 55. Kc8 Rc2+ 56. Kb8 Ra2 57. Kc8 Rc2+ 58. Kb8 Rh2 59. Ka8 Ra2+ 60. Kb8 Ra7 61. Kc8 Rxb7 62. Kd8 Rc7 63. Ke8 Kc6 64. Kf8 Kd6 65. Ke8 Rd7 66. Kf8 Ke6 67. Kg8 Re7 68. Kf8 Kf6 69. Kg8 Rf7 70. Kh8 Kg6 71. Kg8 Rf5 72. Kh8 Rf8# 0-1


[Site "https://www.chess.com"]

[Event "Titled Tuesday Blitz November 08 Early 2022"]
[White "Andreikin, Dmitry"]
[Black "Arencibia Monduy, Antonio"]
[WhiteFideId "4158814"]
[BlackFideId "3507939"]
[WhiteElo "2736"]
[BlackElo "2532"]
[Result "1-0"]
[Round "01"]
[TimeControl "180+1"]
[Date "2022.11.08"]
[WhiteClock "0:01:35"]
[BlackClock "0:00:01"]

1. e4 e6 2. d4 d5 3. Nc3 dxe4 4. Nxe4 Nd7 5. Nf3 Ngf6 6. Nxf6+ Nxf6 7. c3 Be7 8. Qa4+ c6 9. Bd3 O-O 10. O-O b5 11. Qc2 Bb7 12. Rd1 Qc7 13. Bg5 h6 14. Bxf6 Bxf6 15. Be4 a6 16. b4 a5 17. a3 e5 18. dxe5 Bxe5 19. Nxe5 Qxe5 20. Bf3 Rfd8 21. h3 a4 22. c4 Rac8 23. Re1 Qc7 24. c5 Re8 25. Qf5 Rcd8 26. Rxe8+ Rxe8 27. Rd1 Bc8 28. Qd3 Be6 29. Qd6 Qc8 30. Bxc6 Rf8 31. Bxb5 Bb3 32. Bd7 Qd8 33. Re1 Qg5 34. c6 Bd5 35. Qg3 1-0


[Site "https://www.chess.com"]

[Event "Titled Tuesday Blitz November 08 Early 2022"]
[White "Antonova, Nadezhda"]
[Black "Postnikov, Daniil"]
[WhiteFideId "14700182"]
[BlackFideId "4166329"]
[WhiteElo "1813"]
[BlackElo "2261"]
[Result "1-0"]
[Round "01"]
[TimeControl "180+1"]
[Date "2022.11.09"]
[WhiteClock "0:00:26"]
[BlackClock "0:01:03"]

1. Nf3 g6 2. b3 Bg7 3. d4 f5 4. Bb2 Nf6 5. g3 O-O 6. Bg2 d6 7. O-O e6 8. c4 Nc6 9. Re1 h6 10. Nc3 g5 11. e4 f4 12. gxf4 gxf4 13. e5 Nh7 14. exd6 cxd6 15. d5 Ne5 16. Nxe5 Bxe5 17. dxe6 Bxe6 18. Bd5 Bxd5 19. Qxd5+ Kh8 20. Kh1 Qh4 21. Rxe5 Nf6 22. Qxd6 Qxf2 23. Re2 Qh4 24. Nd5 f3 25. Nxf6 fxe2 26. Nh5+ Kh7 27. Qd3+ 1-0


[Site "https://www.chess.com"]

[Event "Titled Tuesday Blitz November 08 Early 2022"]
[White "Arabidze, Meri"]
[Black "Manon-og, Ramon Jr."]
[WhiteFideId "13604040"]
[BlackFideId "5200776"]
[WhiteElo "2403"]
[BlackElo "2270"]
[Result "1-0"]
[Round "01"]
[TimeControl "180+1"]
[Date "2022.11.09"]
[WhiteClock "0:00:12"]
[BlackClock "0:00:15"]

1. b3 e5 2. Bb2 d6 3. e4 Nf6 4. Nc3 Be7 5. Nf3 Bg4 6. Be2 O-O 7. h3 Bh5 8. d3 c5 9. Nh4 Bxe2 10. Qxe2 Nxe4 11. Qxe4 Bxh4 12. Qxb7 Nd7 13. Ne4 Nf6 14. O-O Nh5 15. Qd5 Be7 16. Bc1 Kh8 17. g4 Nf6 18. Nxf6 Bxf6 19. Be3 a5 20. a4 Rb8 21. Rae1 Rb4 22. Re2 h5 23. f4 exf4 24. Rxf4 Rxf4 25. Qxh5+ Kg8 26. Bxf4 Bd4+ 27. Kh2 Re8 28. g5 Rxe2+ 29. Qxe2 Qd7 30. Qg4 Qe7 31. g6 fxg6 32. Qxg6 Qe2+ 33. Qg2 Qe6 34. Bg3 d5 35. c4 dxc4 36. bxc4 Qe3 37. Qd5+ Kh8 38. Qh5+ Kg8 39. Qd1 Qf3 40. Qxf3 1-0


[Site "https://www.chess.com"]

[Event "Titled Tuesday Blitz November 08 Early 2022"]
[White "Aradhya, Garg"]
[Black "Balkum, Alexander"]
[WhiteFideId "25006746"]
[BlackFideId "2005069"]
[WhiteElo "2223"]
[BlackElo "2342"]
[Result "0-1"]
[Round "01"]
[TimeControl "180+1"]
[Date "2022.11.09"]
[WhiteClock "0:00:50"]
[BlackClock "0:00:20"]

1. d4 Nf6 2. Nf3 g6 3. Bg5 Bg7 4. Nbd2 d5 5. e3 O-O 6. Bd3 c5 7. c3 Nc6 8. dxc5 a5 9. O-O Nd7 10. Qe2 Nxc5 11. Bb5 f6 12. Bh4 Qb6 13. Rfd1 e5 14. c4 dxc4 15. Bxc6 Qxc6 16. Nxc4 Bg4 17. h3 Bxf3 18. Qxf3 Qxf3 19. gxf3 b5 20. Nd6 b4 21. Rac1 Na4 22. Rc2 Rfd8 23. Rcd2 g5 24. Bg3 Bf8 25. Ne4 Be7 26. h4 h6 27. hxg5 hxg5 28. f4 exf4 29. exf4 Nxb2 30. Re1 Nd3 31. Red1 Nxf4 32. Rxd8+ Rxd8 33. Rxd8+ Bxd8 34. Bxf4 gxf4 35. Kg2 Kf7 36. Kf3 Ke6 37. Kxf4 Kd5 38. Kf5 a4 39. f4 Kd4 40. Nd6 b3 41. axb3 axb3 42. Nb5+ Kd3 43. Ke6 b2 44. Na3 Bc7 45. Kxf6 Bxf4 46. Ke6 Bd2 47. Kd5 Bb4 48. Nb1 Kc2 49. Kc4 Kxb1 50. Kxb4 Kc1 51. Kc4 b1=Q 52. Kc3 Qc2+ 53. Kd4 Kd2 54. Ke5 Qd3 55. Kf4 Qe2 56. Kg3 Qf1 57. Kh2 Ke2 58. Kg3 Qf2+ 59. Kh3 Qg1 60. Kh4 Kf3 61. Kh5 Kf4 62. Kh6 Kf5 63. Kh7 Kf6 64. Kh6 Qg6# 0-1


[Site "https://www.chess.com"]

[Event "Titled Tuesday Blitz November 08 Early 2022"]
[White "Aung Thant Zin"]
[Black "Przybylski, Wojciech"]
[WhiteFideId "13000063"]
[BlackFideId "1117599"]
[WhiteElo "2278"]
[BlackElo "2221"]
[Result "0-1"]
[Round "01"]
[TimeControl "180+1"]
[Date "2022.11.09"]
[WhiteClock "0:00:02"]
[BlackClock "0:01:42"]

1. e4 c5 2. Nf3 e6 3. d4 cxd4 4. Nxd4 Nc6 5. Nc3 Qc7 6. Be3 a6 7. Bd3 Nf6 8. O-O Nxd4 9. Bxd4 Bc5 10. Bxc5 Qxc5 11. Kh1 e5 12. f4 d6 13. fxe5 dxe5 14. Rxf6 gxf6 15. Nd5 Be6 16. Nxf6+ Ke7 17. Qf1 Qe3 18. Nh5 Qg5 19. Ng3 Rhg8 20. Qf2 Kf8 21. Rf1 Kg7 22. Qf3 Kh8 23. Rf2 Raf8 24. b4 Bg4 25. Qf6+ Qxf6 26. Rxf6 Be6 27. Kg1 Rc8 28. Kf2 Bxa2 29. Ke3 Be6 30. Rf1 Rc7 31. Ra1 h6 32. Ra5 f6 33. b5 axb5 0-1


[Site "https://www.chess.com"]

[Event "Titled Tuesday Blitz November 08 Early 2022"]
[White "Avramidou, Anastasia"]
[Black "Deac, Bogdan-Daniel"]
[WhiteFideId "4239873"]
[BlackFideId "1226380"]
[WhiteElo "2221"]
[BlackElo "2648"]
[Result "1-0"]
[Round "01"]
[TimeControl "180+1"]
[Date "2022.11.08"]
[WhiteClock "0:00:20"]
[BlackClock "0:00:01"]

1. d4 g6 2. e4 Bg7 3. Nc3 Nc6 4. Be3 d6 5. f3 e5 6. d5 Nce7 7. g4 f5 8. gxf5 gxf5 9. Bh3 Nf6 10. Qd2 f4 11. Bf2 a6 12. O-O-O b5 13. Kb1 O-O 14. Bxc8 Qxc8 15. h4 Nh5 16. Nce2 h6 17. Nh3 Kh7 18. Rdg1 Rg8 19. Be1 Qd7 20. Nf2 Bh8 21. Ng4 Nf6 22. Nxf6+ Bxf6 23. Bf2 Rxg1+ 24. Rxg1 Qh3 25. Qc3 Rg8 26. Rxg8 Kxg8 27. Nc1 Kf7 28. a3 Ke8 29. Qxc7 Qxf3 30. Bb6 Qxe4 31. Qxd6 Nxd5 32. Qe6+ Kf8 33. Bc5+ Kg7 34. h5 f3 35. Nd3 Nf4 36. Qd7+ Kh8 37. Qe8+ Kh7 38. Qf7+ Bg7 39. Bf8 1-0


[Site "https://www.chess.com"]

[Event "Titled Tuesday Blitz November 08 Early 2022"]
[White "Baches Garcia, Guillermo"]
[Black "Artemenko, Oleg"]
[WhiteFideId "2209764"]
[BlackFideId "14201798"]
[WhiteElo "2439"]
[BlackElo "2287"]
[Result "1/2-1/2"]
[Round "01"]
[TimeControl "180+1"]
[Date "2022.11.09"]
[WhiteClock "0:00:49"]
[BlackClock "0:01:52"]

1. e4 e6 2. d4 d5 3. exd5 exd5 4. Nf3 Nc6 5. Bb5 Bd6 6. c4 dxc4 7. d5 a6 8. Ba4 b5 9. dxc6 bxa4 10. O-O Ne7 11. Qxa4 O-O 12. Nbd2 Be6 13. Nxc4 Qe8 14. Nxd6 cxd6 15. Bf4 Qxc6 16. Qxc6 Nxc6 17. Bxd6 Rfd8 18. Rfd1 Rac8 19. a3 f6 20. Bf4 Bb3 21. Rxd8+ Rxd8 22. Rc1 Na5 23. Bc7 Rc8 24. Rc3 Nb7 25. Nd4 Bd5 26. Nf5 Re8 27. Re3 Rxe3 28. Nxe3 Bc6 29. Nf5 Kf7 30. Nd6+ Nxd6 31. Bxd6 Ke6 32. Bb4 Kd5 33. Bc3 Kc4 34. f3 Kd3 35. Kf2 h5 36. g3 Bd5 37. h4 Bc6 38. f4 Bd7 39. Ba5 g6 40. Bc3 f5 41. Be5 a5 42. Bc3 a4 43. Be5 Bc6 44. Bc3 Bh1 45. Be5 Be4 46. Bc3 Bd5 47. Be5 Kd2 48. Bc3+ Kc2 49. Be5 Kd3 50. Bc3 Bb3 51. Be5 Bc2 52. Bc3 Bb3 53. Be5 Kd2 54. Bc3+ Kd3 1/2-1/2


[Site "https://www.chess.com"]

[Event "Titled Tuesday Blitz November 08 Early 2022"]
[White "Bacrot, Etienne"]
[Black "Gubanov, Oleg"]
[WhiteFideId "605506"]
[BlackFideId "14115115"]
[WhiteElo "2666"]
[BlackElo "2158"]
[Result "1-0"]
[Round "01"]
[TimeControl "180+1"]
[Date "2022.11.09"]
[WhiteClock "0:00:08"]
[BlackClock "0:00:05"]

1. e4 Nf6 2. e5 Nd5 3. Nc3 Nxc3 4. dxc3 d6 5. Bc4 Nc6 6. Nf3 dxe5 7. Qxd8+ Nxd8 8. Nxe5 f6 9. Nf3 e5 10. Be3 Be6 11. Bb3 Bd6 12. O-O-O Bxb3 13. axb3 Kf7 14. Nd2 Ne6 15. b4 a6 16. Ne4 Be7 17. f3 Rhd8 18. Nd2 Rd7 19. Nc4 Rad8 20. Rxd7 Rxd7 21. Re1 h5 22. h4 b5 23. Na5 c5 24. bxc5 Bxc5 25. b4 Bxe3+ 26. Rxe3 Nc7 27. Nb3 Ne6 28. Re4 Ke7 29. g3 Kd6 30. Re1 Kc6 31. Na5+ Kb6 32. Re4 Nc7 33. c4 bxc4 34. Nxc4+ Kb5 35. Na3+ Ka4 36. Kb2 Nd5 37. c3 Rc7 38. b5+ Ka5 39. c4 Nb6 40. Kb3 axb5 41. cxb5 Rd7 42. Re3 Rd1 43. f4 Rg1 44. fxe5 f5 45. e6 Nd5 46. e7 Nxe7 47. Rxe7 Rxg3+ 48. Kc4 Rxa3 49. Ra7+ 1-0


[Site "https://www.chess.com"]

[Event "Titled Tuesday Blitz November 08 Early 2022"]
[White "Bagwe Gaurang"]
[Black "Marin Ramirez, Gerardo"]
[WhiteFideId "45039895"]
[BlackFideId "3901068"]
[WhiteElo "1847"]
[BlackElo "2041"]
[Result "1-0"]
[Round "01"]
[TimeControl "180+1"]
[Date "2022.11.09"]
[WhiteClock "0:00:09"]
[BlackClock "0:00:06"]

1. e4 e6 2. d4 c5 3. Nf3 cxd4 4. Nxd4 a6 5. Nc3 Qc7 6. a3 b5 7. Bd3 Bb7 8. O-O Nc6 9. Nxc6 Bxc6 10. Be3 Nf6 11. f4 b4 12. axb4 Bxb4 13. e5 Bxc3 14. bxc3 Nd5 15. Bd4 a5 16. Qg4 g6 17. Qg5 h6 18. Qg3 Ne7 19. Qh4 Nf5 20. Qf6 Rg8 21. Bf2 h5 22. Rab1 Qd8 23. Qxd8+ Rxd8 24. Bb6 Ra8 25. Bc5 f6 26. h3 Kf7 27. g4 hxg4 28. hxg4 Nh4 29. Kf2 fxe5 30. Kg3 Rh8 31. fxe5+ Kg8 32. Rf2 g5 33. Rbf1 a4 34. Be7 a3 35. Bxg5 Nf3 36. Rxf3 Bxf3 37. Kxf3 a2 38. Ra1 Kf7 39. Bf6 Rhb8 40. Bc4 Rb2 41. Bb3 Rb1 42. Rxa2 Rxa2 43. Bxa2 Rf1+ 44. Ke4 d5+ 45. Kd4 Kg6 46. c4 Rf4+ 47. Kc5 dxc4 48. Bxc4 Rxg4 49. Bxe6 Rg3 50. Bc4 Rc3 51. Kd4 Rg3 52. Bd3+ Kf7 53. Bc4+ Kg6 54. Bd5 Rg4+ 55. Kc5 Rg1 56. c4 Rc1 57. Kd6 Kf5 58. c5 Rc2 59. c6 Rd2 60. c7 Rc2 61. c8=Q+ Rxc8 62. Be6+ Kg6 63. Bxc8 1-0


[Site "https://www.chess.com"]

[Event "Titled Tuesday Blitz November 08 Early 2022"]
[White "Barbashin, Igor"]
[Black "Sharifov, Mekhriddin"]
[WhiteFideId "4155718"]
[BlackFideId "14701545"]
[WhiteElo "2138"]
[BlackElo "2109"]
[Result "0-1"]
[Round "01"]
[TimeControl "180+1"]
[Date "2022.11.09"]
[WhiteClock "0:00:22"]
[BlackClock "0:00:32"]

1. d4 Nf6 2. c4 e6 3. Nc3 Bb4 4. Nf3 b6 5. g3 Bb7 6. Bg2 O-O 7. O-O Bxc3 8. bxc3 c5 9. Bg5 h6 10. Bxf6 Qxf6 11. Qd3 d6 12. Nd2 Bxg2 13. Kxg2 Nc6 14. e3 Rac8 15. f4 Rfd8 16. Rad1 Na5 17. d5 exd5 18. cxd5 c4 19. Qc2 Nb7 20. Nf3 Nc5 21. Rd4 b5 22. e4 Nd3 23. Rb1 a6 24. Qe2 Qg6 25. Kh1 Re8 26. a4 Rb8 27. axb5 axb5 28. Qe3 Re7 29. e5 Nxe5 30. fxe5 Qxb1+ 31. Kg2 Rbe8 32. Rg4 Rxe5 33. Nxe5 Rxe5 34. Qxh6 Re2+ 35. Kh3 Qf1+ 36. Kh4 Rxh2+ 0-1


[Site "https://www.chess.com"]

[Event "Titled Tuesday Blitz November 08 Early 2022"]
[White "Baskakov, Egor"]
[Black "Zacurdajev, Dmitry"]
[WhiteFideId "24197866"]
[BlackFideId "4196309"]
[WhiteElo "2211"]
[BlackElo "2179"]
[Result "1-0"]
[Round "01"]
[TimeControl "180+1"]
[Date "2022.11.09"]
[WhiteClock "0:01:22"]
[BlackClock "0:00:02"]

1. e4 c6 2. d4 d5 3. e5 c5 4. c4 cxd4 5. Nf3 Nc6 6. Nxd4 Nxe5 7. cxd5 Qxd5 8. Nc3 Qa5 9. Bb5+ Bd7 10. Qe2 Nc6 11. O-O Nxd4 12. Bxd7+ Kxd7 13. Rd1 e5 14. Be3 Qa6 15. Nb5 Bc5 16. Bxd4 exd4 17. b4 Re8 18. Qg4+ Re6 19. bxc5 Qxb5 20. Qxg7 Rg6 21. Qxd4+ Ke7 22. Qxh8 Qc6 23. g3 Nf6 24. Qd8+ Ke6 25. Rd6+ 1-0


[Site "https://www.chess.com"]

[Event "Titled Tuesday Blitz November 08 Early 2022"]
[White "Belozerov, Andrei"]
[Black "Topalov, Aleksandar"]
[WhiteFideId "4120213"]
[BlackFideId "925659"]
[WhiteElo "2360"]
[BlackElo "2179"]
[Result "1-0"]
[Round "01"]
[TimeControl "180+1"]
[Date "2022.11.09"]
[WhiteClock "0:00:52"]
[BlackClock "0:00:38"]

1. d4 Nf6 2. Nf3 g6 3. c4 Bg7 4. g3 O-O 5. Bg2 c5 6. O-O cxd4 7. Nxd4 Nc6 8. Nc3 Nxd4 9. Qxd4 d6 10. Qd3 Bf5 11. e4 Bd7 12. b3 Bc6 13. Bd2 a6 14. a4 a5 15. Rad1 Nd7 16. Qc2 Nc5 17. Kh1 Qb6 18. Nb5 Bxb5 19. axb5 Qc7 20. f4 a4 21. b4 Nb3 22. Be3 Rac8 23. e5 Qxc4 24. Qxc4 Rxc4 25. Bxb7 Rxb4 26. b6 Nc5 27. exd6 Nxb7 28. dxe7 Re8 29. Rd7 Bf6 30. Rxb7 Rxe7 31. Rb8+ Kg7 32. Bc5 Rb5 33. Bxe7 Bxe7 34. b7 Bd6 35. Rd8 Be7 36. b8=Q 1-0


[Site "https://www.chess.com"]

[Event "Titled Tuesday Blitz November 08 Early 2022"]
[White "Berdychevskaya, Natasha"]
[Black "Skliarov, Viktor"]
[WhiteFideId "4159322"]
[BlackFideId "14106736"]
[WhiteElo "2108"]
[BlackElo "2284"]
[Result "1/2-1/2"]
[Round "01"]
[TimeControl "180+1"]
[Date "2022.11.09"]
[WhiteClock "0:00:28"]
[BlackClock "0:00:10"]

1. d4 Nf6 2. c4 e6 3. Nc3 Bb4 4. Qc2 c5 5. dxc5 Na6 6. a3 Bxc3+ 7. Qxc3 Nxc5 8. f3 d5 9. cxd5 b6 10. b4 Na4 11. Qb3 Bd7 12. dxe6 fxe6 13. e4 O-O 14. Ba6 Nxe4 15. fxe4 Qh4+ 16. Qg3 Qxe4+ 17. Ne2 b5 18. Bh6 Rf7 19. Rf1 Raf8 20. Rxf7 Rxf7 21. Rd1 Nb2 22. Rd4 Qb1+ 23. Nc1 Nc4 24. Qb8+ Rf8 25. Qg3 Rf7 26. Qb8+ Rf8 27. Qg3 Rf7 1/2-1/2


[Site "https://www.chess.com"]

[Event "Titled Tuesday Blitz November 08 Early 2022"]
[White "Bernat, David"]
[Black "Gritsenko, Nikolai"]
[WhiteFideId "2099225"]
[BlackFideId "14112493"]
[WhiteElo "2324"]
[BlackElo "2389"]
[Result "0-1"]
[Round "01"]
[TimeControl "180+1"]
[Date "2022.11.09"]
[WhiteClock "0:00:14"]
[BlackClock "0:00:21"]

1. c4 e5 2. Nc3 Nc6 3. g3 g6 4. Bg2 Bg7 5. d3 d6 6. e4 Nge7 7. Nge2 O-O 8. O-O f5 9. Be3 h6 10. Qd2 Kh7 11. f4 Be6 12. Nd5 Qd7 13. Rab1 Rab8 14. b4 Nd4 15. Bxd4 exd4 16. b5 c6 17. Nxe7 Qxe7 18. a4 c5 19. a5 Rbe8 20. Kh1 fxe4 21. Bxe4 Qd7 22. Rfe1 Bxc4 23. Bxg6+ Kxg6 24. dxc4 Qf5 25. Ng1 Re4 26. Nf3 Bf6 27. g4 Qxf4 28. Rxe4 Qxe4 29. Rf1 Bg5 30. Qg2 Kg7 31. h4 Be3 32. h5 d3 33. Re1 Rxf3 34. Qxf3 0-1


[Site "https://www.chess.com"]

[Event "Titled Tuesday Blitz November 08 Early 2022"]
[White "Besedes, Danilo"]
[Black "Mesa Cruz, Juan Carlos"]
[WhiteFideId "946796"]
[BlackFideId "6423400"]
[WhiteElo "2352"]
[BlackElo "2059"]
[Result "1-0"]
[Round "01"]
[TimeControl "180+1"]
[Date "2022.11.09"]
[WhiteClock "0:01:17"]
[BlackClock "0:00:01"]

1. e4 c5 2. Nf3 d6 3. b3 Nf6 4. Nc3 e6 5. Bb2 Be7 6. g3 O-O 7. Bg2 Nc6 8. O-O e5 9. d3 Be6 10. Nd2 Qd7 11. Nc4 Bh3 12. Ne3 Nd4 13. Ncd5 Bxg2 14. Kxg2 Ne8 15. f4 exf4 16. Rxf4 Bg5 17. Rf2 Bxe3 18. Nxe3 Nc7 19. Nf5 d5 20. Bxd4 cxd4 21. Qg4 Ne6 22. exd5 Qxd5+ 23. Kg1 Qd7 24. Re1 g6 25. Nh4 Nc5 26. Qxd7 Nxd7 27. Re7 Nc5 28. Nf3 Rad8 29. Ng5 Rd7 30. Rfe2 h6 31. Rxd7 Nxd7 32. Re7 Nf6 33. Nf3 Re8 34. Rxe8+ 1-0


[Site "https://www.chess.com"]

[Event "Titled Tuesday Blitz November 08 Early 2022"]
[White "Bettalli, Francesco"]
[Black "Kaasen, Tor Fredrik"]
[WhiteFideId "2816453"]
[BlackFideId "1516647"]
[WhiteElo "2216"]
[BlackElo "2345"]
[Result "0-1"]
[Round "01"]
[TimeControl "180+1"]
[Date "2022.11.09"]
[WhiteClock "0:01:31"]
[BlackClock "0:01:28"]

1. d4 Nf6 2. Nc3 d5 3. Bg5 e6 4. e4 dxe4 5. Nxe4 Nbd7 6. Nf3 Be7 7. Bxf6 Nxf6 8. Nxf6+ Bxf6 9. Bd3 c5 10. c3 O-O 11. dxc5 Qc7 12. O-O Qxc5 13. Qe2 Rd8 14. Rad1 Bd7 15. Qe4 g6 16. Qxb7 Rab8 17. Qe4 Rxb2 18. Qf4 Kg7 19. c4 Rxa2 20. Be4 Ra4 21. Bd3 Bc6 22. Nd2 Rxd3 23. Rfe1 Qd6 24. Qxd6 Rxd6 0-1


[Site "https://www.chess.com"]

[Event "Titled Tuesday Blitz November 08 Early 2022"]
[White "Bluebaum, Matthias"]
[Black "Ronka, Erik"]
[WhiteFideId "24651516"]
[BlackFideId "505080"]
[WhiteElo "2633"]
[BlackElo "2264"]
[Result "1-0"]
[Round "01"]
[TimeControl "180+1"]
[Date "2022.11.09"]
[WhiteClock "0:00:59"]
[BlackClock "0:00:03"]

1. d4 d5 2. c4 e6 3. Nc3 Nf6 4. cxd5 Nxd5 5. e4 Nxc3 6. bxc3 c5 7. Rb1 Be7 8. Bc4 O-O 9. Ne2 b6 10. O-O Bb7 11. Ng3 Nc6 12. Be3 Rc8 13. Bb5 Na5 14. Qg4 Kh8 15. Rbd1 c4 16. Ba4 a6 17. Bc2 b5 18. d5 exd5 19. exd5 Bf6 20. Bd4 Bxd4 21. Rxd4 g6 22. Qh3 f5 23. d6 Qd7 24. Ne4 Bxe4 25. Bxe4 Nc6 26. Bxc6 Rxc6 27. Rfd1 Rd8 28. Qg3 a5 29. Qe5+ Kg8 30. Qxb5 Qe8 31. h4 Kg7 32. Qxa5 Qd7 33. Qe5+ Kf7 34. Qd5+ Kg7 35. a4 Rdc8 36. Re1 Re8 37. Rxe8 Qxe8 38. d7 Qe1+ 39. Kh2 1-0


[Site "https://www.chess.com"]

[Event "Titled Tuesday Blitz November 08 Early 2022"]
[White "Bok, Benjamin"]
[Black "Safin, Robert"]
[WhiteFideId "1017063"]
[BlackFideId "34189120"]
[WhiteElo "2658"]
[BlackElo "2253"]
[Result "1/2-1/2"]
[Round "01"]
[TimeControl "180+1"]
[Date "2022.11.08"]
[WhiteClock "0:00:05"]
[BlackClock "0:00:07"]

1. d4 Nf6 2. c4 g6 3. g3 Bg7 4. Bg2 O-O 5. Nf3 d6 6. Nc3 Nc6 7. O-O Bf5 8. Ne1 Qd7 9. e4 Bh3 10. f3 e5 11. d5 Nd4 12. Be3 Rfe8 13. Nc2 Bxg2 14. Kxg2 Nxc2 15. Qxc2 Nh5 16. c5 f5 17. Rac1 f4 18. Bf2 fxg3 19. hxg3 Bh6 20. Rcd1 Rf8 21. Qe2 a6 22. b3 Rf7 23. cxd6 cxd6 24. Be3 Bxe3 25. Qxe3 Rc8 26. Rc1 Qd8 27. Ne2 Rfc7 28. Rxc7 Rxc7 29. Rc1 Qc8 30. Rxc7 Qxc7 31. Qc1 Qxc1 32. Nxc1 Kf8 33. Nd3 Nf6 34. Kf2 Ke7 35. Ke3 Nh5 36. Kf2 Nf6 37. a4 g5 38. g4 h5 39. gxh5 Nxh5 40. a5 Nf6 41. Nb2 g4 42. Nc4 gxf3 43. Kxf3 Nh5 44. Kg4 Nf4 45. Ne3 Nd3 46. Kf5 Nc5 47. b4 Nd3 48. Nc2 Nc1 49. Kg4 Na2 50. Kf3 Nc3 51. Ke3 Nb5 52. Kd3 Kd7 53. Kc4 Nc7 54. Ne3 Ne8 55. Nf5 Nf6 56. Kd3 Nh5 57. Ke3 Nf4 58. Nh4 Nh5 59. Ng2 Ng7 60. Ne1 Ne8 61. Nc2 Nc7 62. Na3 Ne8 63. b5 Nc7 64. bxa6 Nxa6 65. Nc4 Nc5 66. Kf3 Nb3 67. Ke3 Kc7 68. Kf3 Nd4+ 69. Kg4 Ne2 70. Ne3 Nc3 71. Kf5 Ne2 72. Ke6 Ng3 73. Nc4 Nxe4 74. Ke7 Kc8 75. Nb6+ Kc7 76. Nc4 Nc5 77. Nxd6 e4 78. Nb5+ Kb8 79. d6 e3 80. Nd4 Ka7 81. d7 Nxd7 82. Kxd7 Ka6 83. Kd6 Kxa5 84. Kc5 b5 85. Ne2 b4 86. Kd4 b3 87. Kxe3 Kb4 88. Kd2 b2 89. Nc3 b1=Q 90. Nxb1 1/2-1/2


[Site "https://www.chess.com"]

[Event "Titled Tuesday Blitz November 08 Early 2022"]
[White "Bongo Akanga Ndjila, Barthelemy"]
[Black "Streltsov, Alexey"]
[WhiteFideId "10609431"]
[BlackFideId "24104434"]
[WhiteElo "1768"]
[BlackElo "2560"]
[Result "0-1"]
[Round "01"]
[TimeControl "180+1"]
[Date "2022.11.09"]
[WhiteClock "0:01:32"]
[BlackClock "0:02:01"]

1. d4 d5 2. c4 e6 3. Nc3 c6 4. Nf3 dxc4 5. e4 b5 6. Be2 Bb7 7. O-O Nd7 8. Re1 a6 9. Bf1 Ngf6 10. Bg5 Be7 11. g3 O-O 12. Rc1 Re8 13. Bg2 Qb6 14. h3 Rad8 15. Be3 c5 16. d5 b4 17. Na4 Qb5 18. Bf1 exd5 19. exd5 Bxd5 20. Nd2 Ne5 21. Nxc4 Bxc4 22. Bxc4 Rxd1 23. Bxb5 Rxe1+ 24. Rxe1 axb5 25. Nxc5 Nf3+ 26. Kf1 Nxe1 27. Kxe1 Bxc5 0-1


[Site "https://www.chess.com"]